AoeStats
← beneath mariana

Nomad

503845409Analyzed
4v4 RM · 1mo ago on Sep 2, 2026· 47m 0s· 8 players
Game mode
Random Map
Map size
231×231
Population
200
Speed
Normal
Resources
Standard
Victory
Conquest
Starting age
Dark Age
Ending age
Imperial Age
RankedLock teamsTeams togetherTeam positionsShared explorationLock speedFull tech treeHidden civsTurbo modeCheats
Victory
Defeat
🇬🇧 Mongols · United Kingdom
1453
+14
🇨🇿 Koreans · Czechia
1423
+16
🇩🇪 Japanese · Germany
1411
+16
1386
+18
🇨🇳 Wei · China
1469
-18
🇹🇼 Koreans · Taiwan
1444
-17
🇮🇳 Dravidians · India
1384
-14
🇯🇵 Malians · Japan
1383
-14
RegiTehT
7:34 Loom
12:05 Feudal Age
14:01 Double-Bit Axe
23:50 Castle Age
24:17 Fletching
31:42 Wheelbarrow
32:54 Bow Saw
35:32 Fishing Lines
37:20 Horse Collar
42:44 Wheelbarrow
45:40 Imperial Age
45:42 Town Watch
46:12 Hand Cart
46:13 Heavy Plow
46:35 Scale Mail Armor
46:46 Forging
rizz
4:24 Loom
12:39 Feudal Age
16:52 Castle Age
16:10 Fletching
16:08 Town Watch
22:08 Double-Bit Axe
22:31 Fishing Lines
25:54 Gillnets
27:38 Demolition Ship
28:10 Horse Collar
30:25 Wheelbarrow
29:49 Gold Mining
36:08 Bow Saw
38:31 Imperial Age
36:50 Bodkin Arrow
37:26 Scale Barding Armor
37:22 Padded Archer Armor
38:02 Gold Shaft Mining
37:34 Stone Mining
38:53 Heavy Plow
38:40 Elite Mangudai
39:56 Ballistics
39:42 Husbandry
39:54 Bloodlines
40:51 Parthian Tactics
41:04 Leather Archer Armor
43:37 Light Cavalry
45:02 Chain Barding Armor
44:44 Bracer
46:04 Forging
46:17 Hussar
mode maelle
12:58 Feudal Age
14:18 Double-Bit Axe
19:40 Castle Age
17:58 Forging
18:30 Gold Mining
18:41 Fishing Lines
19:15 Stone Mining
19:07 Horse Collar
20:35 Medium Warships
21:15 Bow Saw
21:41 Gillnets
23:22 Careening
23:01 Loom
26:19 Clinker Construction
28:00 Iron Casting
27:13 Town Watch
29:44 Wheelbarrow
31:00 Gold Shaft Mining
30:30 Heavy Plow
31:55 Hand Cart
36:25 Imperial Age
34:01 Fletching
34:51 Ballistics
35:15 Bodkin Arrow
35:28 Town Patrol
35:45 Masonry
36:38 Thumb Ring
37:18 Bracer
36:45 Heavy Cavalry Archer
37:50 Parthian Tactics
38:33 Padded Archer Armor
38:48 Bloodlines
38:39 Husbandry
38:41 Guard Tower
38:37 Arrowslits
39:56 Chemistry
39:43 Leather Archer Armor
39:46 Siege Engineers
40:16 Yasama
41:53 Keep
41:04 Arrowslits
42:40 Two-Man Saw
43:07 Ring Archer Armor
42:35 Treadmill Crane
43:07 Masonry
42:38 Treadmill Crane
43:20 Elite Skirmisher
44:44 Town Patrol
45:48 Murder Holes
Ares_Hong Bang- Trieu Dynasty
3:30 Loom
13:51 Feudal Age
15:17 Wheelbarrow
17:48 Castle Age
16:35 Stone Mining
16:36 Gold Mining
18:13 Double-Bit Axe
19:10 Bow Saw
20:29 Fletching
22:34 Bodkin Arrow
28:40 Horse Collar
30:59 Padded Archer Armor
31:25 Ballistics
36:09 Imperial Age
34:20 Heavy Plow
34:20 Elite Skirmisher
35:33 Hand Cart
37:05 Bracer
36:27 Imperial Skirmisher
38:17 Leather Archer Armor
39:06 Two-Man Saw
39:35 Ring Archer Armor
40:13 Thumb Ring
41:13 Stone Shaft Mining
41:29 Light Cavalry
42:19 Bloodlines
43:06 Scale Barding Armor
45:12 Hoardings
45:54 Chain Barding Armor
45:45 Forging
47:39 Plate Barding Armor
vidsag
5:02 Loom
12:40 Feudal Age
15:47 Fishing Lines
18:47 Castle Age
17:22 Double-Bit Axe
20:03 Medium Warships
23:06 Forging
24:25 Fletching
25:53 Town Watch
26:36 Bodkin Arrow
27:19 Wheelbarrow
28:21 Horse Collar
31:41 Padded Archer Armor
34:07 Ballistics
34:36 Hand Cart
37:42 Thumb Ring
38:15 Bow Saw
38:06 Heavy Plow
37:57 Gold Mining
37:57 Stone Mining
42:42 Imperial Age
44:29 Chemistry
43:30 Bracer
43:45 Leather Archer Armor
43:03 Elite Elephant Archer
44:16 Conscription
藥膏
6:32 Loom
7:23 Loom
14:03 Feudal Age
19:04 Castle Age
17:46 Double-Bit Axe
17:43 Horse Collar
19:35 Fletching
20:29 Wheelbarrow
20:06 Bow Saw
20:14 Medium Warships
20:34 Scale Mail Armor
24:49 Bodkin Arrow
27:07 Ballistics
36:57 Imperial Age
36:10 Hand Cart
35:46 Gold Mining
35:47 Stone Mining
38:00 Bracer
37:58 Elite Skirmisher
47:27 Chemistry
46:33 Siege Engineers
46:24 Murder Holes
46:40 Masonry
beneath mariana
6:09 Loom
13:54 Feudal Age
14:20 Double-Bit Axe
14:31 Stone Mining
19:39 Castle Age
17:53 Horse Collar
19:05 Gold Mining
28:30 Fletching
29:44 Bow Saw
32:19 Bodkin Arrow
33:56 Bloodlines
34:24 Padded Archer Armor
34:56 Ballistics
38:45 Imperial Age
36:37 Husbandry
37:27 Leather Archer Armor
38:29 Wheelbarrow
38:22 Masonry
39:34 Bracer
41:02 Thumb Ring
41:28 Hand Cart
40:59 Elite Skirmisher
42:39 Conscription
43:18 Parthian Tactics
44:09 Ring Archer Armor
46:36 Conscription
店小贰
4:42 Loom
15:24 Feudal Age
16:23 Double-Bit Axe
26:46 Castle Age
24:52 Stone Mining
25:28 Horse Collar
28:29 Bow Saw
30:10 Wheelbarrow
34:16 Ballistics
35:15 Fortified Wall
39:01 Imperial Age
37:22 Forging
38:05 Scale Barding Armor
38:21 Heavy Plow
38:58 Bloodlines
38:49 Husbandry
39:10 Chain Barding Armor
39:26 Iron Casting
40:14 Conscription
40:31 Plate Barding Armor
40:06 Cavalier
41:39 Farimba
Connection lost

Rejoining the realm…

Still unreachable

The connection could not be restored.

Session expired

The server has moved on; the page needs a fresh start.